 Dungeon Crawl Stone Soup version 0.27-a0-1139-g28e009f8a6 (webtiles) character file.

Game seed: 9677024491897352355

74 leviel the Magician (level 4, -5/31 HPs)
             Began as a Djinni Necromancer on May 7, 2021.
             Slain by a gnoll
             ... wielding a +0 whip
              (10 damage)
             ... on level 2 of the Dungeon.
             The game lasted 00:04:09 (3807 turns).

leviel the Magician (Djinni Necromancer)            Turns: 3807, Time: 00:04:11

Health: -5/31      AC:  2    Str:  7    XL:     4   Next: 30%
Gold:   67         EV: 12    Int: 17    God:
                   SH:  0    Dex: 14

rFire    + + .     SeeInvis .   (no weapon)
rCold    x . .     Faith    .   (no shield)
rNeg     . . .     Spirit   .   a - +0 robe
rPois    ∞         Reflect  .   (no helmet)
rElec    .         Harm     .   (no cloak)
rCorr    .         Rampage  .   (no gloves)
Will     .....                  (boots unavailable)
Stlth    ++........             (no amulet)
HPRegen  0.10/turn              (no ring)
MPRegen  0.00/turn              (no ring)

@: flying
A: sickness immunity, fire resistance 2, cold vulnerability 1, float, innate
caster, hp casting, extra vitality 1
a: no special abilities


You were on level 2 of the Dungeon.
You visited 1 branch of the dungeon, and saw 2 of its levels.

You collected 67 gold pieces.

Inventory:

Armour
 a - a +0 robe (worn)
Potions
 b - a potion of flight {unknown}


   Skills:
 + Level 2.2 Dodging
 + Level 1.6 Stealth
 * Level 4.9 Spellcasting


You couldn't memorise any spells.
You knew the following spells:

 Your Spells              Type           Power      Damage    Failure   Level
a - Pain                  Necr           84%        1d8       1%          1
b - Animate Skeleton      Necr           42%        N/A       1%          1
c - Vampiric Draining     Necr           10%        2d7       5%          3
d - Animate Dead          Necr           10%        N/A       19%         4
e - Agony                 Necr           21%        N/A       45%         5
f - Apportation           Tloc           42%        N/A       1%          1
Your spell library was empty.

Dungeon Overview and Level Annotations

Branches:
Dungeon (2/15)

Altars:


Innate Abilities, Weirdness & Mutations

You are immune to sickness and miasma.
You are immune to poison.
Your flesh is very heat resistant. (rF++)
You are vulnerable to cold. (rC-)
You float through the air rather than walking.
You learn spells naturally, not from books.
Your magical power is your life essence.
You have superior vitality. (+4 HP)


Message History

Confirm with . or Enter, or press ? or * to list all spells.
Aiming: Pain (safe; 1% risk of failure)
Press: ? - help, Shift-Dir - straight line, f/p - gnoll
Aim: a gnoll, wielding a +0 whip (heavily wounded, chance to affect: 86%)
The gnoll writhes in agony.
Casting: Pain (safe; 1% risk of failure)
Confirm with . or Enter, or press ? or * to list all spells.
Aiming: Pain (safe; 1% risk of failure)
Press: ? - help, Shift-Dir - straight line, f/p - gnoll
Aim: a gnoll, wielding a +0 whip (heavily wounded, chance to affect: 86%)
The gnoll writhes in agony.
Casting: Pain (safe; 1% risk of failure)
Confirm with . or Enter, or press ? or * to list all spells.
Aiming: Pain (safe; 1% risk of failure)
Press: ? - help, Shift-Dir - straight line, f/p - gnoll
Aim: a gnoll, wielding a +0 whip (severely wounded, chance to affect: 86%)
The gnoll barely resists.
* * * LOW HITPOINT WARNING * * *
The gnoll hits you with a +0 whip.
* * * LOW HITPOINT WARNING * * *
You aren't carrying any items that you can evoke.
There is a stone staircase leading up here.
You see here a +0 club.
Casting: Pain (safe; 1% risk of failure)
Confirm with . or Enter, or press ? or * to list all spells.
Aiming: Pain (safe; 1% risk of failure)
Press: ? - help, Shift-Dir - straight line, f/p - gnoll
Aim: a gnoll, wielding a +0 whip (moderately wounded, chance to affect: 86%)
The gnoll writhes in agony.
* * * LOW HITPOINT WARNING * * *
The gnoll misses you.
Casting: Pain (safe; 1% risk of failure)
Confirm with . or Enter, or press ? or * to list all spells.
Aiming: Pain (safe; 1% risk of failure)
Press: ? - help, Shift-Dir - straight line, f/p - gnoll
Aim: a gnoll, wielding a +0 whip (heavily wounded, chance to affect: 86%)
The gnoll writhes in agony.
* * * LOW HITPOINT WARNING * * *
The gnoll hits you with a +0 whip!
You die...

#.###. .. ..#..
.# .... .# #>.#
.# #..# .#
#..######.###.#
#....(.Z......#
#...####.######
#@..# #.# #g..#
#†# ###...# #w#
#.....# #.Z
#.#.#.# #..
#.#.#.# ....
#.#.### ..♣.
#...# .....
#..##


You could see a gnoll.

Vanquished Creatures
  3 gnolls (D:2)
  2 dart slugs
  4 endoplasms
  2 giant cockroaches (D:2)
  3 goblins
  10 jackals
  2 quokkas
  4 ball pythons
  A bat (D:1)
  2 kobolds (D:1)
  3 rats (D:2)
36 creatures vanquished.

Notes
Turn   | Place    | Note
-------+----------+-------------------------------------------
     0 | D:1      | leviel the Djinni Necromancer began the quest for the Orb.
     0 | D:1      | Reached XP level 1. HP: 15/15 MP: 0/0
   477 | D:1      | Found a faded altar of an unknown god.
   858 | D:1      | Reached XP level 2. HP: 19/21 MP: 0/0
   863 | D:1      | Reached skill level 4 in Spellcasting
  2529 | D:2      | Reached XP level 3. HP: 20/25 MP: 0/0
  2529 | D:2      | Learned a level 1 spell: Apportation
  3739 | D:2      | Reached XP level 4. HP: 21/31 MP: 0/0
  3807 | D:2      | Slain by a gnoll

Illustrated notes

Levels and vault maps discovered:
D:1:      dpeg_arrival_tiny_c, layout_loops_corners,
          hellmonk_ecumenical_altar_arch_garden, minivault_25
D:2:      layout_loops_ring, grunt_ministairs_12

Skill      XL: |  1  2 |
---------------+-------+-----
Spellcasting   | 4 |  4.9
Dodging        | |  2.2
Stealth        | |  1.6

Action                   |  1- 3 |  4- 6 || total
-------------------------+-------+-------++-------
Melee: Unarmed           |     4 |       ||     4
 Cast: Pain              |    75 |     9 ||    84
       Animate Skeleton  |     2 |       ||     2
Armor: Robe              |     5 |       ||     5
Dodge: Dodged            |    21 |     1 ||    22

Table legend: (Time is in decaauts)
 A = Elapsed time spent in this place.
 B = Non-inter-level travel time spent in this place.
 C = Inter-level travel time spent in this place.
 D = Time resting spent in this place.
 E = Time spent auto-exploring this place.
 F = Levels seen in this place.
 G = Mean time per level.
                   A        B        C        D        E       F      G
               +--------+--------+--------+--------+--------+-----+--------+
         Total |   3808 |   3785 |     23 |   1857 |   1634 |   2 | 1904.0 |
       Dungeon |   3808 |   3785 |     23 |   1857 |   1634 |   2 | 1904.0 |
               +--------+--------+--------+--------+--------+-----+--------+

Top non-repeatable levels by time:
     D:1: 2949 daAuts
     D:2: 859 daAuts
